 Dungeon Crawl Stone Soup version 0.22-a0-252-gcace5d2 (webtiles) character file.

1819904 Zwobot the Wrestler (level 25, 189/189 HPs)
             Began as a Demonspawn Fighter on Mar 1, 2018.
             Was the Champion of Ru.
             Escaped with the Orb
             ... and 3 runes!
             The game lasted 04:26:47 (57385 turns).

Zwobot the Wrestler (Demonspawn Fighter)           Turns: 57385, Time: 04:26:48

Health: 189/189    AC: 37    Str: 25    XL:     25   Next: 89%
Magic:  23/23      EV: 15    Int: 12    God:    Ru [******]
Gold:   2625       SH: 16    Dex: 17    Spells: 19/24 levels left

rFire    + . .     SeeInvis +     - Unarmed
rCold    + . .     Gourm    .   f - +2 shield {rN+}
rNeg     + . .     Faith    .   q - +6 storm dragon scales {Bai Suzhen}
rPois    +         Spirit   .   W - +1 helmet {SInv}
rElec    +         Reflect  .   o - +2 cloak {MR+}
rCorr    .         Harm     .   (gloves unavailable)
MR       ++...     Rnd*Rage +   G - +1 pair of boots Stlth ..........Rnd*Tele +
                                n - amulet of regeneration
HPRegen  1.21/turn              s - ring of protection from fire
MPRegen  0.18/turn              T - ring of Muel {Dex+7 Slay+6}

@: drained
A: claws 3, slimy green scales 3, camouflage 1, berserk 1, clumsy 2, cold
resistance 1, demonic guardian 3, frail 1, foul stench 2, passive freeze, poison
resistance, regeneration 1, teleportitis 1, no potion heal 1, rot immunity,
freezing cloud immunity, inability to read while threatened, no stealth,
inability to use devices, no earth magic, no necromancy magic, no summoning
magic, missing an eye
0: Orb of Zot
}: 3/15 runes: serpentine, barnacled, silver
a: Draw Out Power, Power Leap, Apocalypse, Renounce Religion


You escaped.
You worshipped Ru.
Ru was exalted by your worship.
You were very full.

You visited 9 branches of the dungeon, and saw 47 of its levels.
You visited the Abyss 1 time.
You also visited: Labyrinth, Trove, Ossuary and Ice Cave.

You collected 7162 gold pieces.
You spent 4537 gold pieces at shops.

Inventory:

Hand Weapons
 b - a +9 blowgun
Missiles
 a - 45 javelins of returning (quivered)
 C - a curare-tipped needle
 J - 8 throwing nets
Armour
 f - a +2 shield of positive energy (worn)
 o - a +2 cloak of magic resistance (worn)
 q - +6 storm dragon scales (worn) {Bai Suzhen}
 G - a +1 pair of boots (worn)
 M - a +1 hat of magic resistance
 W - a +1 helmet of see invisible (worn)
Jewellery
 j - the ring of Pucryneb {-Tele rElec Str+3 Dex+4}
   (You took it off a minotaur in a labyrinth)

   [ring of strength]

   It affects your strength (+3).
   It affects your dexterity (+4).
   It insulates you from electricity.
   It prevents most forms of teleportation.
 n - an amulet of regeneration (around neck)
 s - a ring of protection from fire (left claw)
 E - a ring of Satost {rPois AC+2 Str+3}
   (You found it in a treasure trove)

   [ring of protection]

   It affects your AC (+2).
   It affects your strength (+3).
   It protects you from poison.
 I - an uncursed amulet of guardian spirit
 O - an uncursed ring of see invisible
 Q - an uncursed ring of protection from cold
 T - the ring of Muel (right claw) {Dex+7 Slay+6}
   (You took it off a tengu reaver on level 5 of the Vaults)

   [ring of slaying]

   It affects your dexterity (+7).
   It affects your accuracy and damage with ranged weapons and melee attacks
   (+6).
 V - an uncursed ring of positive energy
Scrolls
 c - 8 scrolls of fear
 e - 2 scrolls of identify
 g - 4 scrolls of immolation
 r - 17 scrolls of remove curse
 y - 2 scrolls of silence
 A - 11 scrolls of blinking
 B - 2 scrolls of magic mapping
 D - 22 scrolls of teleportation
 L - 3 scrolls of fog
 N - 2 scrolls of amnesia
 P - a scroll of summoning
 S - 8 scrolls of vulnerability
Potions
 h - 3 potions of resistance
 i - 4 potions of flight
 k - 8 potions of mutation
 l - 8 potions of brilliance
 m - 4 potions of ambrosia
 p - 6 potions of haste
 t - 4 potions of might
 u - 3 potions of magic
 v - 9 potions of lignification
 x - a potion of invisibility
 z - 6 potions of berserk rage
 F - 4 potions of agility
 H - 3 potions of cancellation
 K - 12 potions of curing
 R - 5 potions of heal wounds
Comestibles
 d - 68 rations


   Skills:
 - Level 20.0(19.5) Fighting
 - Level 5.4(5.1) Throwing
 + Level 18.1(17.6) Armour
 - Level 10.0(9.6) Dodging
 - Level 15.1(14.7) Shields
 * Level 26.2(25.6) Unarmed Combat
 + Level 7.5(7.1) Translocations


You had 19 spell levels left.
You knew the following spells:

 Your Spells              Type           Power        Failure   Level  Hunger
a - Apportation           Tloc           ###...       6%          1    ##.....
b - Animate Skeleton      Necr           N/A          77%         1    ##.....
c - Confusing Touch       Hex            #.....       77%         1    ##.....
d - Blink                 Tloc           N/A          10%         2    ###....


Dungeon Overview and Level Annotations

Branches:
Dungeon (15/15)            Temple (1/1) D:5            Lair (6/6) D:8
 Shoals (4/4) Lair:2        Snake (4/4) Lair:2        Slime (0/5) Lair:6
    Orc (2/2) D:9             Elf (0/3) Orc:2        Vaults (5/5) D:14
  Crypt (0/3) Vaults:2     Depths (5/5) D:15            Zot (5/5) Depths:5

Altars:
Ashenzari
Cheibriados
Dithmenos
Elyvilon
Fedhas
Gozag
Hepliaklqana
Kikubaaqudgha
Makhleb
Nemelex Xobeh
Okawaru
Qazlal
Ru
Sif Muna
Trog
Uskayaw
Vehumet
Wu Jian
Xom
Yredelemnul
Zin
The Shining One
Beogh
Jiyva

Shops:
D:13 %   Orc:2 =*[(:!   Shoals:3 !*}!!   Vaults:1 =   Depths:1 !   Depths:2 }=}

Portals:
Hell: Depths:1 Depths:2 Depths:3 Depths:4 Depths:5
Abyss: Depths:1 Depths:4
Pandemonium: Depths:3 Depths:5
Ziggurat: Depths:2

Annotations:
D:7 1 runed door
Lair:6 1 runed door
Orc:1 Erolcha
Zot:1 exclusion: downstairs
Zot:5 exclusion: upstairs


Innate Abilities, Weirdness & Mutations

You have claws for hands.
You are completely covered in slimy green scales. (AC +4, rPois)
You are very clumsy. (Dex -4)
Your flesh is cold resistant. (rC+)
A powerful demonic guardian rushes to your aid.
You frequently emit foul miasma when damaged in melee.
A frigid envelope surrounds you and freezes all who hurt you.
You are immune to rotting.
You are immune to freezing clouds.
You cannot read scrolls while threatened.
You cannot be stealthy.
You cannot study or use magical devices.
You cannot study or cast Earth magic.
You cannot study or cast Necromancy magic.
You cannot study or cast Summoning magic.
You are missing an eye, making it more difficult to aim.
Your skin changes colour to match your surroundings (Stealth+).
You tend to lose your temper in combat.
You are frail. (-10% HP)
Your system is resistant to poisons. (rPois)
Your natural rate of healing is unusually fast.
You are occasionally teleported next to monsters.
Potions are less effective at restoring your health.


Message History

You climb upwards.
There is a stone staircase leading down here.
There is an open door here.
There is an escape hatch in the ceiling here.
A mysterious force pulls you upwards. The hatch slams shut behind you.
You can't go down here!
(D) Dungeon (T) Temple (L) Lair (A) Shoals (P) Snake Pit (M) Slime Pits (O) Orcish Mines (E) Elven Halls (V) Vaults (C) Crypt (U) Depths (H) Hell (Z) Zot
Where to? (Enter - D:1 @ (x,y), ? - help)
You see here a dagger.
There is a stone staircase leading up here.
You climb upwards.
There is a stone staircase leading down here.
There is a stone staircase leading up here.
You climb upwards.
There is a stone staircase leading down here.
There is a staircase leading out of the dungeon here.
You have escaped!

.#.# #.##............#...#
...# #.#####.........##..#
^..# #.####..#.....#..#..#
^..# #....#..##...##..#..#
..## #.##....###.###....>#
..# #.#..###.##.##.###.[#
.## #.##..###.#.#.###...#
## #.##...###.#.###)...# #
#.##......#@#.......# #
#.##...###.#.###....# #
#.##..###.#.#.###...#
######.##.###.##)##.###..#
.....#.##.(..###.###.....#
####.#.###...##...##..#..#
#.#.......#.....#..##.# #
#!####.##.........###.# #
#.####.############ #.#


There were no monsters in sight!

Vanquished Creatures
  3 orbs of fire (Zot:5)
  5 ancient liches
  A Killer Klown (Zot:5)
  Margery (Depths:1)
  5 caustic shrikes
  A curse toe (Zot:5)
  5 golden dragons
  2 bone dragons (Depths:5)
  2 liches
  2 electric golems (Zot:5)
  14 tentacled monstrosities
  3 titans
  19 Orb Guardians (Zot:5)
  5 quicksilver dragons
  2 acid blobs (Depths:3)
  Polyphemus (Shoals:3)
  8 shadow dragons
  6 death cobs
  Kirke (Snake:3)
  Roxanne (D:15)
  6 storm dragons
  4 tengu reavers
  6 nagarajas
  5 fire giants
  5 draconian monks
  Aizul (Shoals:1)
  An azure jelly (Depths:3)
  15 vault wardens
  An iron dragon (Vaults:5)
  3 draconian knights (Zot:3)
  8 frost giants
  A fire giant (shapeshifter) (Vaults:5)
  Louise (Snake:3)
  An orc warlord (Orc:2)
  2 deep elf sorcerers (Vaults:1)
  4 deep elf elementalists (Vaults:5)
  The ghost of Gorglomux the Corrupter of Planes, a journeyman MiAK of Lugonu (D:13)
  3 draconian scorchers
  2 draconian stormcallers (Depths:5)
  5 draconian annihilators
  3 draconian shifters (Zot:3)
  14 stone giants
  3 spriggan defenders
  16 very ugly things
  13 ironheart preservers
  A reaper (Depths:5)
  3 black draconians
  2 vampire knights
  A starcursed mass (Abyss:5)
  3 deep elf demonologists
  5 deep elf annihilators
  11 red draconians
  2 purple draconians
  5 yellow draconians
  A dire elephant (Lair:6)
  3 green draconians
  5 spark wasps (Depths:4)
  A minotaur (Lab)
  5 white draconians
  An ettin (shapeshifter) (Vaults:2)
  7 ettins
  A blizzard demon (Abyss:5)
  7 merfolk impalers
  2 deep elf death magi
  2 death oozes (Depths:3)
  11 merfolk javelineers
  10 fire dragons
  14 yaktaur captains
  7 great orbs of eyes
  2 deep elf high priests (Vaults:5)
  27 vault guards
  23 naga warriors
  5 rakshasas
  2 jiangshi (Depths:1)
  4 merfolk avatars
  3 hydras
  10 ice dragons
  5 spriggan air magi
  11 anacondas
  A catoblepas (Shoals:3)
  11 ogre magi
  9 centaur warriors
  3 alligator snapping turtles (Shoals:3)
  3 satyrs
  2 dancing weapons (D:14)
  5 death yaks
  6 merfolk aquamancers
  A death knight (Vaults:1)
  Erica (Orc:1)
  An alligator (Snake:2)
  A hell hog (Abyss:5)
  3 tengu warriors
  A thrashing horror (Abyss:5)
  34 two-headed ogres
  An orc high priest (Orc:2)
  12 shock serpents
  13 naga sharpshooters
  7 deep troll earth magi
  7 deep troll shamans
  3 spriggan berserkers
  4 vampire magi
  The ghost of ThereIsNoGod the Thaumaturge, a journeyman SpVM of Gozag (Orc:2)
  7 hell knights
  A shock serpent (shapeshifter) (Vaults:5)
  A wretched star (Abyss:5)
  Sonja (Orc:2)
  2 shadow wraiths
  A sixfirhy (Depths:5)
  3 spriggans
  4 deep elf knights
  6 iron trolls
  A salamander mystic (Snake:2)
  20 sea snakes
  5 unseen horrors
  An unseen horror (shapeshifter) (Vaults:3)
  4 wizards
  4 deep elf archers
  2 glowing orange brains
  A swamp dragon (Lair:6)
  A spatial maelstrom (Abyss:5)
  2 flayed ghosts
  4 naga ritualists
  A torturous demonspawn (Depths:5)
  20 deep trolls
  3 phantasmal warriors (Vaults:5)
  An obsidian statue (Zot:5)
  A glowing orange brain (shapeshifter) (Vaults:5)
  An infernal demonspawn (Depths:5)
  2 lindwurms (Lair:6)
  10 necromancers
  13 ironbrand convokers
  12 mana vipers
  A lindwurm (shapeshifter) (Depths:1)
  16 orc knights
  13 manticores
  10 deep elf magi
  21 harpies
  A shining eye (Depths:3)
  51 ugly things
  4 wolf spiders
  5 oklob plants
  A mana viper (shapeshifter) (Depths:3)
  2 orc sorcerers (Orc:2)
  6 fauns
  12 salamanders
  A moth of wrath (shapeshifter) (Vaults:5)
  7 cyclopes
  6 moths of wrath
  A centaur zombie (D:11)
  Maurice (D:12)
  3 ice statues (IceCv)
  A guardian serpent (shapeshifter) (Depths:2)
  2 stone giant skeletons (Vaults:3)
  A frost giant skeleton (Depths:1)
  3 human skeletons
  A smoke demon (Abyss:5)
  2 elephants (Lair:5)
  A black mamba (shapeshifter) (Vaults:4)
  10 merfolk sirens
  18 naga magi
  11 vault sentinels
  A molten gargoyle (Depths:5)
  31 black mambas
  6 guardian serpents
  2 gargoyles
  3 water nymphs
  An efreet (Zot:3)
  10 spiny frogs
  A yaktaur zombie (Vaults:3)
  3 rime drakes
  5 ice devils
  13 komodo dragons
  A yaktaur (shapeshifter) (D:15)
  74 yaktaurs
  3 freezing wraiths (Vaults:3)
  2 ancient zymes (Abyss:5)
  7 tengu conjurers
  A queen bee (shapeshifter) (Vaults:5)
  2 wind drakes
  34 merfolk
  3 polar bears
  11 trolls
  A wolf spider simulacrum (D:15)
  3 large abominations (Abyss:5)
  7 hornets
  7 hippogriffs
  27 slime creatures
  16 dream sheep
  A fire dragon zombie (Depths:1)
  8 blink frogs
  A spriggan zombie (Depths:1)
  10 snapping turtles
  A stone giant simulacrum (Depths:1)
  7 redbacks (Depths:1)
  2 vampires
  2 ynoxinuls
  9 water elementals
  A human (Snake:3)
  3 fire bats (D:13)
  9 wyverns
  22 yaks
  19 fire elementals
  3 hogs (Snake:3)
  2 wraiths
  6 golden eyes (Depths:3)
  11 basilisks
  2 small abominations
  A neqoxec (Abyss:5)
  A chaos spawn (Abyss:5)
  6 hungry ghosts
  2 steam dragons (Lair:6)
  A vampire mosquito (Snake:2)
  76 nagas
  2 swamp worms (Snake:2)
  A tengu zombie (Depths:1)
  7 wargs
  2 soldier ants
  3 acid dragons
  18 water moccasins
  A water moccasin (shapeshifter) (Vaults:2)
  3 hell hounds
  9 porcupines
  A floating eye (Depths:3)
  2 sky beasts (D:11)
  Duvessa (D:4)
  3 swamp drakes
  5 eyes of draining
  35 orc warriors
  2 ice beasts
  7 phantoms
  24 ogres
  An ogre (shapeshifter) (Abyss:5)
  13 boggarts
  A necrophage (D:12)
  6 wolves
  18 centaurs
  14 crocodiles
  A big kobold (D:10)
  18 bullfrogs
  A wyvern zombie (D:14)
  A water moccasin zombie (Ossuary)
  A wyvern skeleton (D:11)
  3 scorpions
  A scorpion (shapeshifter) (Vaults:2)
  A killer bee (shapeshifter) (D:13)
  6 killer bees
  14 wights
  7 electric eels
  A vampire bat (D:13)
  2 howler monkeys (D:13)
  8 crimson imps
  2 draconian simulacra (IceCv)
  3 bullfrog zombies
  12 jellies
  2 quasits (D:10)
  A yaktaur simulacrum (Depths:1)
  3 hounds
  20 orc priests
  32 orc wizards
  3 bullfrog skeletons
  An iron imp (Depths:5)
  A gnoll shaman (D:6)
  4 iguanas
  7 worker ants
  3 troll simulacra (IceCv)
  3 spriggan simulacra
  5 big kobold zombies (Ossuary)
  A centaur simulacrum (IceCv)
  2 hound zombies
  2 hound skeletons
  4 mummies
  2 worker ant zombies (D:6)
  9 gnolls
  14 adders
  2 ogre simulacra (IceCv)
  A river rat (D:8)
  5 shadow imps
  6 oozes (D:13)
  3 adder zombies (Ossuary)
  2 adder skeletons
  3 worms
  2 dart slugs
  4 leopard geckos
  118 orcs
  16 bats
  6 giant cockroaches
  2 gnoll zombies (Ossuary)
  12 goblins
  6 hobgoblins
  19 jackals
  2 quokkas
  8 ball pythons
  4 frilled lizards
  A goblin zombie (D:5)
  6 hobgoblin zombies
  A jackal skeleton (D:7)
  15 kobolds
  7 kobold zombies
  5 orc zombies
  A quokka skeleton (D:10)
  A quokka zombie (D:7)
  8 rats
  2 crawling corpses (Depths:5)
  10 fungi
  73 plants
2102 creatures vanquished.

Vanquished Creatures (collateral kills)
  Bai Suzhen (Shoals:3)
  A golden dragon (Depths:4)
  2 tentacled monstrosities (Vaults:5)
  An Orb Guardian (Zot:5)
  A sphinx (Depths:5)
  3 quicksilver dragons
  A shadow dragon (Zot:5)
  A tengu reaver (Vaults:5)
  Agnes (Snake:3)
  A fire giant (Vaults:5)
  Ilsuiw (Shoals:4)
  A draconian knight (Zot:3)
  The ghost of sankara the Severer, a journeyman HOFi of Yredelemnul (Lair:6)
  A draconian annihilator (Zot:3)
  A vault warden (Vaults:2)
  9 very ugly things
  An ironheart preserver (Vaults:5)
  A stone giant (Depths:2)
  A vampire knight (Depths:4)
  Azrael (D:15)
  A deep elf annihilator (Vaults:5)
  A spark wasp (Depths:5)
  3 white draconians
  A merfolk javelineer (Shoals:4)
  3 merfolk impalers
  5 yaktaur captains
  A great orb of eyes (Depths:3)
  A hydra (Lair:6)
  The ghost of Zwobot the Slicer, a journeyman DsNe of Ashenzari (Lair:1)
  2 rakshasas
  2 naga warriors (Snake:2)
  4 anacondas
  A merfolk aquamancer (Shoals:4)
  8 two-headed ogres
  2 death yaks
  2 tengu warriors
  A vampire mage (Depths:5)
  4 naga sharpshooters
  4 deep troll earth magi
  2 hell hogs (Abyss:5)
  3 thrashing horrors (Abyss:5)
  A deep elf knight (Vaults:2)
  A salamander mystic (Snake:4)
  A flayed ghost (Vaults:5)
  A shadow wraith (Vaults:3)
  4 sea snakes
  A wizard (Depths:2)
  A swamp dragon (Snake:2)
  3 naga ritualists
  An orc knight (Vaults:5)
  A phantasmal warrior (Vaults:3)
  3 harpies (Shoals:4)
  A faun (Shoals:2)
  A manticore (Shoals:2)
  11 ugly things
  2 salamanders
  A moth of wrath (Zot:5)
  4 black mambas
  Psyche (D:12)
  A merfolk siren (Shoals:2)
  3 elephants
  2 vault sentinels
  2 spiny frogs
  A rime drake (Lair:6)
  3 yaktaurs
  An ice devil (IceCv)
  A tengu conjurer (Depths:4)
  7 merfolk
  4 slime creatures
  A raiju (Abyss:5)
  4 dream sheep
  A shadow (D:15)
  A hippogriff (Shoals:3)
  A wyvern (Lair:5)
  A yak (Lair:2)
  A basilisk (shapeshifter) (Vaults:5)
  A fire elemental (D:15)
  Menkaure (D:5)
  Edmund (D:4)
  7 nagas
  A hell hound (D:15)
  A warg (Orc:1)
  A water moccasin (Lair:1)
  An orc warrior (D:5)
  2 porcupines (D:8)
  2 ogres
  A boggart (Vaults:3)
  A wolf (Lair:1)
  A big kobold (D:7)
  2 bullfrogs
  Dowan (D:4)
  2 water moccasin zombies (Ossuary)
  A scorpion (D:4)
  A wight (D:12)
  A crimson imp (D:11)
  An orc priest (Orc:1)
  10 orcs
  A quokka (D:5)
  A kobold zombie (Ossuary)
  An orc zombie (Ossuary)
  A fungus (Lair:2)
201 creatures vanquished.

Vanquished Creatures (others)
  An Orb Guardian (Zot:5)
  A tentacled monstrosity (Zot:5)
  A lich (Depths:2)
  A shadow dragon (Vaults:5)
  2 tengu reavers
  A very ugly thing (Depths:2)
  A stone giant (Depths:5)
  An ettin (Orc:2)
  A fire dragon (Vaults:1)
  A yaktaur captain (Vaults:4)
  A naga warrior (Snake:3)
  3 hydras
  A two-headed ogre (D:14)
  A death yak (D:8)
  A sea snake (Shoals:2)
  A deep troll (Vaults:5)
  An unseen horror (Abyss:5)
  A deep elf mage (Vaults:2)
  An orc sorcerer (Orc:2)
  A cyclops (Vaults:1)
  A manticore (Shoals:2)
  2 black mambas
  2 yaktaurs
  An ice devil (IceCv)
  2 blink frogs (Lair:5)
  A snapping turtle (Shoals:4)
  A frost giant simulacrum (Depths:1)
  A redback (Depths:1)
  A naga (Snake:4)
  A porcupine (Lair:3)
  An orc warrior (Vaults:5)
  An electric eel (D:9)
  2 hounds (D:13)
  An adder (D:9)
  An orc (Orc:2)
  A quokka (D:10)
  5 fungi
  35 plants
83 creatures vanquished.

Grand Total: 2386 creatures vanquished

Notes
Turn   | Place    | Note
-------+----------+-------------------------------------------
     0 | D:1      | Zwobot the Demonspawn Fighter began the quest for the Orb.
     0 | D:1      | Reached XP level 1. HP: 18/18 MP: 1/1
   131 | D:1      | Reached skill level 2 in Unarmed Combat
   151 | D:1      | Found a shimmering altar of Xom.
   245 | D:1      | Gained mutation: You are immune to rotting. [demonic ancestry]
   245 | D:1      | Reached XP level 2. HP: 23/24 MP: 2/2
   685 | D:2      | Reached skill level 3 in Unarmed Combat
   776 | D:2      | Gained mutation: You may emit foul miasma when damaged in melee. [demonic ancestry]
   776 | D:2      | Reached XP level 3. HP: 27/29 MP: 3/3
  1620 | D:2      | Gained mutation: Your system is resistant to poisons. (rPois) [potion of mutation]
  1620 | D:2      | Gained mutation: Your natural rate of healing is unusually fast. [potion of mutation]
  1690 | D:1      | Reached skill level 4 in Unarmed Combat
  1690 | D:1      | Reached XP level 4. HP: 26/35 MP: 4/4
  1863 | D:2      | Found a shimmering altar of Xom.
  2341 | D:3      | Found a sparkling altar of Nemelex Xobeh.
  2349 | D:3      | Gained mutation: A weak demonic guardian rushes to your aid. [demonic ancestry]
  2349 | D:3      | Reached XP level 5. HP: 39/41 MP: 5/5
  2506 | D:3      | Found a sacrificial altar of Ru.
  2506 | D:3      | Found a shadowy altar of Dithmenos.
  2515 | D:3      | Became a worshipper of Ru the Awakened
  2569 | D:3      | Reached skill level 5 in Unarmed Combat
  2735 | D:4      | Noticed Dowan
  2737 | D:4      | Noticed Duvessa
  2779 | D:4      | Killed Duvessa
  2794 | D:4      | Killed Dowan
  2794 | D:4      | Gained mutation: You have sharp fingernails. [demonic ancestry]
  2794 | D:4      | Reached XP level 6. HP: 31/47 MP: 6/6
  2936 | D:4      | Reached skill level 6 in Unarmed Combat
  3062 | D:4      | Noticed Edmund
  3085 | D:4      | Killed Edmund
  3291 | D:4      | Reached skill level 7 in Unarmed Combat
  3291 | D:4      | Reached XP level 7. HP: 48/52 MP: 7/7
  3666 | D:5      | Entered Level 5 of the Dungeon
  3790 | D:5      | Found a sand-covered staircase.
  3820 | Ossuary  | Entered an ossuary
  3938 | Ossuary  | Reached skill level 8 in Unarmed Combat
  4152 | D:5      | Reached XP level 8. HP: 58/58 MP: 8/8
  4163 | D:5      | Gained mutation: You are missing an eye, making it more difficult to aim. [Ru sacrifice]
  4163 | D:5      | Reached * piety under Ru
  4205 | D:5      | Reached skill level 9 in Unarmed Combat
  4435 | D:5      | Found a staircase to the Ecumenical Temple.
  4498 | Temple   | Entered the Ecumenical Temple
  4669 | D:5      | Found a stormy altar of Qazlal.
  4805 | D:5      | Noticed Menkaure
  4824 | D:5      | Killed Menkaure
  5275 | D:6      | Reached skill level 10 in Unarmed Combat
  5714 | D:6      | Found a hide-covered altar of Uskayaw.
  5829 | D:6      | Gained mutation: You are partially covered in slimy green scales. (AC +2) [demonic ancestry]
  5829 | D:6      | Reached XP level 9. HP: 63/66 MP: 7/9
  6070 | D:6      | Found a shattered altar of Ashenzari.
  6250 | D:6      | Gained mutation: You cannot be stealthy. [Ru sacrifice]
  6306 | D:6      | Found a burning altar of Makhleb.
  6381 | D:5      | Found a hide-covered altar of Uskayaw.
  6488 | D:7      | Reached skill level 5 in Fighting
  7052 | D:7      | Found a runed door.
  7756 | D:8      | Noticed a death yak
  7758 | D:8      | Noticed a death yak
  7792 | D:8      | Noticed a death yak
  7797 | D:8      | Killed a death yak
  7797 | D:8      | Reached skill level 11 in Unarmed Combat
  7908 | D:8      | Killed a death yak
  7908 | D:8      | Reached skill level 5 in Armour
  7908 | D:8      | Reached XP level 10. HP: 50/76 MP: 6/10
  8070 | D:8      | Killed a death yak
  8120 | D:8      | Found a staircase to the Lair.
  8217 | D:8      | Noticed a two-headed ogre
  8264 | D:8      | Killed a two-headed ogre
  8574 | D:8      | Noticed a two-headed ogre
  8756 | D:8      | Killed a two-headed ogre
  8756 | D:8      | Reached skill level 12 in Unarmed Combat
  8819 | D:8      | Noticed a two-headed ogre
  8827 | D:8      | Killed a two-headed ogre
  8911 | D:8      | Found a glowing silver altar of Zin.
  8915 | D:8      | Found a blossoming altar of Fedhas.
  8924 | D:8      | Learned a level 1 spell: Apportation
  8926 | D:8      | Learned a level 1 spell: Animate Skeleton
  8928 | D:8      | Learned a level 1 spell: Confusing Touch
  8959 | D:8      | Gained mutation: You cannot read scrolls while threatened. [Ru sacrifice]
  8959 | D:8      | Reached ** piety under Ru
  8959 | D:8      | Reached *** piety under Ru
  9086 | Lair:1   | Entered Level 1 of the Lair of Beasts
  9089 | Lair:1   | Noticed a spiny frog
  9211 | D:9      | Found a roughly hewn altar of Beogh.
  9211 | D:9      | Found a staircase to the Orcish Mines.
  9515 | D:8      | You fall through a shaft for 3 floors!
  9606 | D:11     | Killed an unseen horror
  9606 | D:11     | Reached XP level 11. HP: 58/85 MP: 0/11
 10030 | D:11     | Noticed a two-headed ogre
 10043 | D:11     | Killed a two-headed ogre
 10044 | D:11     | Noticed a two-headed ogre
 10063 | D:11     | Killed a two-headed ogre
 10185 | D:11     | Reached skill level 13 in Unarmed Combat
 10256 | D:10     | Entered Level 10 of the Dungeon
 10821 | D:10     | Gained mutation: You cannot study or use magical devices. [Ru sacrifice]
 10821 | D:10     | Reached **** piety under Ru
 10821 | D:10     | Reached ***** piety under Ru
 11131 | D:12     | Killed an unseen horror
 11371 | D:12     | Learned a level 2 spell: Blink
 11410 | D:12     | Got a translucent ring mail
 11672 | D:12     | Noticed Maurice
 11699 | D:12     | Noticed a white ugly thing
 11712 | D:12     | Killed a white ugly thing
 11805 | D:12     | Noticed a two-headed ogre
 11817 | D:12     | Killed a two-headed ogre
 11874 | D:12     | Noticed a two-headed ogre
 11889 | D:12     | Killed a two-headed ogre
 11889 | D:12     | Gained mutation: You are mostly covered in slimy green scales. (AC +3) [demonic ancestry]
 11889 | D:12     | Reached XP level 12. HP: 74/95 MP: 12/12
 11973 | D:12     | Noticed Psyche
 11981 | D:12     | Killed Psyche
 12270 | D:10     | Found a snail-covered altar of Cheibriados.
 12401 | D:10     | Noticed a two-headed ogre
 12410 | D:10     | Killed a two-headed ogre
 12410 | D:10     | Reached skill level 14 in Unarmed Combat
 12703 | D:9      | Noticed a two-headed ogre
 12712 | D:9      | Killed a two-headed ogre
 12832 | Orc:1    | Entered Level 1 of the Orcish Mines
 12838 | Orc:1    | Noticed a stone giant
 12861 | Orc:1    | Killed a stone giant
 12959 | Orc:1    | Noticed Erica
 12963 | Orc:1    | Killed Erica
 12963 | Orc:1    | Reached skill level 10 in Fighting
 13224 | Orc:2    | Entered Level 2 of the Orcish Mines
 13238 | Orc:2    | Noticed ThereIsNoGod's ghost (journeyman SpVM)
 13239 | Orc:2    | Noticed Sonja
 13239 | Orc:2    | Noticed an ettin
 13241 | Orc:2    | Killed Sonja
 13243 | Orc:2    | Killed ThereIsNoGod's ghost
 13243 | Orc:2    | Reached skill level 1 in Throwing
 13397 | Orc:2    | Killed an ettin
 13566 | Orc:2    | Found Nompoelo's Distillery.
 13578 | Orc:2    | Bought a potion of heal wounds for 55 gold pieces
 13578 | Orc:2    | Bought a potion of curing for 33 gold pieces
 13578 | Orc:2    | Bought a potion of curing for 33 gold pieces
 13578 | Orc:2    | Bought a potion of curing for 33 gold pieces
 13578 | Orc:2    | Bought a potion of curing for 33 gold pieces
 13628 | Orc:2    | Found a radiant altar of Vehumet.
 13749 | Orc:2    | Noticed an orc warlord
 13753 | Orc:2    | Found a roughly hewn altar of Beogh.
 13803 | Orc:2    | Killed an orc warlord
 13803 | Orc:2    | Reached skill level 15 in Unarmed Combat
 13803 | Orc:2    | Reached XP level 13. HP: 47/104 MP: 8/13
 14707 | Orc:2    | Found Fimeutuwn's General Store.
 14774 | Orc:2    | Found Laemuck's Jewellery Shop.
 14788 | Orc:2    | Found Tileil's Antique Armour Shop.
 14797 | Orc:2    | Bought a runed cloak for 142 gold pieces
 14811 | Orc:2    | Found Geleudatt's Antique Weapon Shop.
 14835 | Orc:2    | Bought a scroll of acquirement for 780 gold pieces
 15023 | Orc:2    | Found Qotisit's Book Emporium.
 15024 | Orc:2    | Found a staircase to the Elven Halls.
 15066 | Orc:2    | Bought a shiny helmet for 142 gold pieces
 15245 | Orc:1    | Noticed Erolcha
 15647 | Lair:1   | Noticed Zwobot's ghost (journeyman DsNe)
 15705 | Lair:1   | Killed Zwobot's ghost
 16333 | Lair:1   | Reached skill level 16 in Unarmed Combat
 16333 | Lair:1   | Reached XP level 14. HP: 111/111 MP: 14/14
 16650 | Lair:2   | Found a staircase to the Snake Pit.
 16752 | Lair:2   | Found a staircase to the Shoals.
 17511 | Lair:3   | Gained mutation: You cannot study or cast Earth magic. [Ru sacrifice]
 17511 | Lair:3   | Gained mutation: You cannot study or cast Necromancy magic. [Ru sacrifice]
 17511 | Lair:3   | Gained mutation: You cannot study or cast Summoning magic. [Ru sacrifice]
 17990 | Lair:3   | Reached skill level 1 in Dodging
 18321 | Lair:4   | Found a frozen archway.
 18337 | Lair:4   | Reached skill level 10 in Armour
 18359 | IceCv    | Entered an ice cave
 18808 | IceCv    | Got a crude plate armour
 18819 | IceCv    | Identified the cursed +1 plate armour of the Chupacabra {rPois rN+ rCorr Int-2} (You found it in an ice cave)
 19672 | Lair:4   | Identified the +2 ring mail of Absence {Dex+3} (You found it on level 12 of the Dungeon)
 20008 | Lair:4   | Got a steaming chain mail
 20012 | Lair:4   | Got a pitted troll leather armour
 20020 | Lair:4   | Identified the +1 chain mail of Good Intentions {*Drain Regen+ Str-3 Dex+9} (You found it on level 4 of the Lair of Beasts)
 20021 | Lair:4   | Identified the +3 troll leather armour of Suschy {Regen+ Str+6 Int-2 Slay+2} (You found it on level 4 of the Lair of Beasts)
 20096 | Lair:4   | Gained mutation: You are clumsy. (Dex -2) [Ru sacrifice]
 20096 | Lair:4   | Reached ****** piety under Ru
 20289 | Lair:5   | Gained mutation: A demonic guardian rushes to your aid. [demonic ancestry]
 20289 | Lair:5   | Reached XP level 15. HP: 115/119 MP: 15/15
 20289 | Lair:5   | Reached skill level 17 in Unarmed Combat
 20663 | Lair:6   | Entered Level 6 of the Lair of Beasts
 20761 | Lair:6   | Noticed sankara's ghost (journeyman HOFi)
 20770 | Lair:6   | Killed sankara's ghost
 20786 | Lair:6   | Found a runed door.
 21329 | Lair:6   | Found a viscous altar of Jiyva.
 21329 | Lair:6   | Noticed an acid blob
 21331 | Lair:6   | Found a staircase to the Slime Pits.
 23005 | D:12     | Killed Maurice
 23456 | D:13     | Reached skill level 5 in Dodging
 23621 | D:13     | Noticed Gorglomux's ghost (journeyman MiAK)
 23628 | D:13     | Killed Gorglomux's ghost
 23876 | D:13     | Found Vanlafeith's Food Shoppe.
 24454 | D:14     | Found a labyrinth entrance.
 24463 | Lab      | Entered a labyrinth
 24571 | Lab      | Reached skill level 18 in Unarmed Combat
 24573 | Lab      | Got a wavering lead ring
 24574 | Lab      | Identified the ring of Pucryneb {-Tele rElec Str+3 Dex+4} (You took it off a minotaur in a labyrinth)
 24578 | Lab      | Identified the Compendium of Curses
 24672 | D:14     | Found a sacrificial altar of Ru.
 24685 | D:14     | Found a gate to the Vaults.
 24697 | D:14     | Gained mutation: You have very sharp fingernails. [demonic ancestry]
 24697 | D:14     | Reached XP level 16. HP: 112/129 MP: 16/16
 25293 | D:15     | Entered Level 15 of the Dungeon
 25302 | D:15     | Noticed Roxanne
 25392 | D:15     | Noticed Azrael
 25403 | D:15     | Killed Azrael
 26264 | D:15     | Killed Roxanne
 26265 | D:15     | Identified Roxanne's Volume of Earth (You took it off Roxanne on level 15 of the Dungeon)
 26363 | D:15     | Found a staircase to the Depths.
 26580 | Snake:1  | Entered Level 1 of the Snake Pit
 26840 | Snake:1  | You fall through a shaft!
 26842 | Snake:2  | Reached skill level 5 in Shields
 27979 | Snake:1  | Gained mutation: You have claws for hands. [demonic ancestry]
 27979 | Snake:1  | Reached XP level 17. HP: 137/137 MP: 17/17
 29899 | Snake:3  | Noticed Agnes
 29901 | Snake:3  | Killed Agnes
 29912 | Snake:3  | Noticed Louise
 29938 | Snake:3  | Killed Louise
 30004 | Snake:3  | Noticed Kirke
 30022 | Snake:3  | Killed Kirke
 30086 | Snake:3  | Reached skill level 10 in Shields
 30825 | Snake:4  | Entered Level 4 of the Snake Pit
 32076 | Snake:4  | Gained mutation: A powerful demonic guardian rushes to your aid. [demonic ancestry]
 32076 | Snake:4  | Reached XP level 18. HP: 131/144 MP: 18/18
 32553 | Snake:4  | Got a serpentine rune of Zot
 32795 | Shoals:1 | Entered Level 1 of the Shoals
 32946 | Shoals:1 | Noticed Aizul
 32959 | Shoals:1 | Killed Aizul
 34378 | Shoals:3 | Noticed Bai Suzhen
 34389 | Shoals:3 | Noticed Polyphemus
 34390 | Shoals:3 | Killed Bai Suzhen
 34390 | Shoals:3 | Reached skill level 15 in Shields
 34412 | Shoals:3 | Reached skill level 19 in Unarmed Combat
 34439 | Shoals:3 | Killed Polyphemus
 34825 | Shoals:3 | Found Wuing's Distillery.
 34837 | Shoals:3 | Bought a potion of heal wounds for 80 gold pieces
 34837 | Shoals:3 | Bought a potion of haste for 160 gold pieces
 34839 | Shoals:3 | Found Xeuti's Assorted Antiques.
 34907 | Shoals:3 | Found Uquassup's Distillery.
 34936 | Shoals:3 | Bought a potion of heal wounds for 60 gold pieces
 35189 | Shoals:3 | Found Gumeghou's Distillery.
 35196 | Shoals:3 | Found Xanaagey's Gadget Shoppe.
 35206 | Shoals:3 | Bought a potion of heal wounds for 60 gold pieces
 35326 | Shoals:4 | Entered Level 4 of the Shoals
 35326 | Shoals:4 | Noticed Ilsuiw
 35415 | Shoals:4 | Gained mutation: Your flesh is cold resistant. (rC+) [demonic ancestry]
 35415 | Shoals:4 | Reached XP level 19. HP: 122/150 MP: 19/19
 35418 | Shoals:4 | Killed Ilsuiw
 35778 | Shoals:4 | Reached skill level 20 in Unarmed Combat
 36221 | Shoals:4 | Got a barnacled rune of Zot
 37235 | Depths:1 | Entered Level 1 of the Depths
 37305 | Depths:1 | Noticed a lich
 37309 | Depths:1 | Found a basalt altar of Yredelemnul.
 37315 | Depths:1 | Killed a lich
 37758 | Shoals:3 | Bought a scroll of acquirement for 1404 gold pieces
 37806 | Shoals:3 | Got a pair of spiked boots
 37817 | Shoals:3 | Identified the +0 pair of boots "Deoxkom" {rPois} (You acquired it on level 3 of the Shoals)
 38290 | Depths:1 | Found a one-way gate to the infinite horrors of the Abyss.
 38356 | Depths:1 | Found a burning altar of Makhleb.
 38674 | Depths:1 | Noticed Margery
 38691 | Depths:1 | Killed Margery
 38779 | Depths:1 | Found a gateway to Hell.
 38992 | Depths:1 | Found Cokasharr's Distillery.
 38998 | Depths:1 | Bought a potion of heal wounds for 85 gold pieces
 39293 | Vaults:1 | Entered Level 1 of the Vaults
 39652 | Vaults:1 | Reached XP level 20. HP: 117/160 MP: 15/20
 40353 | Vaults:1 | Found Beani's Jewellery Shoppe.
 40358 | Vaults:1 | Reached skill level 21 in Unarmed Combat
 41432 | Vaults:2 | Reached skill level 15 in Fighting
 41788 | Vaults:2 | Reached skill level 10 in Dodging
 42375 | Vaults:2 | Found a staircase to the Crypt.
 42375 | Vaults:2 | Found a basalt altar of Yredelemnul.
 42376 | Vaults:2 | Found an ancient bone altar of Kikubaaqudgha.
 42816 | Vaults:3 | Gained mutation: You frequently emit foul miasma when damaged in melee. [demonic ancestry]
 42816 | Vaults:3 | Reached XP level 21. HP: 168/168 MP: 21/21
 45283 | Vaults:4 | Reached skill level 22 in Unarmed Combat
 45807 | Vaults:5 | Entered Level 5 of the Vaults
 45996 | Vaults:5 | Noticed an ancient lich
 46082 | Vaults:5 | Killed an ancient lich
 46240 | Vaults:5 | Noticed an ancient lich
 46282 | Vaults:5 | Killed an ancient lich
 46308 | Vaults:5 | Reached XP level 22. HP: 88/179 MP: 12/22
 46329 | Vaults:5 | Noticed an ancient lich
 46329 | Vaults:5 | Reached skill level 15 in Armour
 46368 | Vaults:5 | Cast into level 5 of the Abyss (an ancient lich)
 46368 | Abyss:5  | Entered Level 5 of the Abyss
 46368 | Abyss:5  | Found a corrupted altar of Lugonu.
 46368 | Abyss:5  | Found a corrupted altar of Lugonu.
 46606 | Abyss:5  | Gained mutation: You are frail. (-10% HP) [a neqoxec]
 46626 | Vaults:5 | Escaped the Abyss
 46627 | Vaults:5 | Killed an ancient lich
 46627 | Vaults:5 | Reached skill level 23 in Unarmed Combat
 46857 | Vaults:5 | Identified the Volume of the Rocks and Calling
 47186 | Vaults:5 | Got a silver rune of Zot
 47241 | Vaults:5 | Noticed a golden dragon
 47252 | Vaults:5 | Killed a golden dragon
 47270 | Vaults:5 | Reached skill level 5 in Throwing
 47285 | Vaults:5 | Got a crude marble ring
 47286 | Vaults:5 | Identified the ring of Muel {Dex+7 Slay+6} (You took it off a tengu reaver on level 5 of the Vaults)
 47374 | Vaults:5 | Identified the Compendium of Orientation and the Escort
 48303 | Orc:2    | Bought a potion of heal wounds for 75 gold pieces
 48610 | Depths:2 | Found a gateway to a ziggurat.
 48643 | Depths:2 | Found Pasourhoe's Gadget Boutique.
 48643 | Depths:2 | Found Xebben's Jewellery Shoppe.
 48644 | Depths:2 | Found Hukoz's Gadget Boutique.
 48702 | Depths:2 | Noticed a caustic shrike
 48719 | Depths:2 | Killed a caustic shrike
 48903 | Depths:2 | Gained mutation: You are completely covered in slimy green scales. (AC +4, rPois) [demonic ancestry]
 48903 | Depths:2 | Reached XP level 23. HP: 163/171 MP: 20/23
 49689 | Depths:3 | Found a one-way gate leading to the halls of Pandemonium.
 49748 | Depths:3 | Found a transporter.
 49822 | Depths:3 | Found a viscous altar of Jiyva.
 49886 | Depths:3 | Found a transporter.
 49887 | Depths:3 | Gained mutation: Potions are less effective at restoring your health. [a shining eye]
 50251 | Depths:4 | Paralysed by a great orb of eyes for 3 turns
 50473 | Depths:4 | Reached skill level 24 in Unarmed Combat
 50630 | Depths:4 | Found a portal to a secret trove of treasure.
 51503 | Depths:5 | Entered Level 5 of the Depths
 51529 | Depths:5 | Noticed a caustic shrike
 51529 | Depths:5 | Noticed a caustic shrike
 51529 | Depths:5 | Noticed a caustic shrike
 51530 | Depths:5 | Noticed a caustic shrike
 51542 | Depths:4 | Killed a caustic shrike
 51599 | Depths:5 | Killed a caustic shrike
 51769 | Depths:5 | Killed a caustic shrike
 51769 | Depths:5 | Gained mutation: You are immune to freezing clouds. [demonic ancestry]
 51769 | Depths:5 | Reached XP level 24. HP: 139/180 MP: 12/23
 52168 | Depths:5 | Found a gate to the Realm of Zot.
 52955 | Zot:1    | Entered Level 1 of the Realm of Zot
 53151 | Zot:1    | Reached skill level 25 in Unarmed Combat
 53256 | Zot:3    | Reached skill level 1 in Translocations
 53695 | Shoals:3 | Bought a scroll of identify for 54 gold pieces
 53695 | Shoals:3 | Bought a potion of magic for 216 gold pieces
 53736 | Shoals:3 | Bought a potion of might for 48 gold pieces
 53736 | Shoals:3 | Bought a potion of haste for 120 gold pieces
 53736 | Shoals:3 | Bought 2 potions of haste for 240 gold pieces
 53736 | Shoals:3 | Bought a potion of haste for 120 gold pieces
 53736 | Shoals:3 | Bought a potion of magic for 96 gold pieces
 53736 | Shoals:3 | Bought a potion of might for 48 gold pieces
 54097 | Depths:4 | You paid a toll of 21 scrolls of identify to enter a treasure trove
 54098 | Trove    | Entered a treasure trove
 54125 | Trove    | Got a fine platinum ring
 54127 | Trove    | Identified a ring of Satost {rPois AC+2 Str+3} (You found it in a treasure trove)
 55444 | Vaults:1 | Bought an uncursed amulet of regeneration for 420 gold pieces
 56052 | Zot:3    | Gained mutation: A frigid envelope surrounds you and freezes all who hurt you. [demonic ancestry]
 56052 | Zot:3    | Reached XP level 25. HP: 183/189 MP: 23/23
 56104 | Zot:5    | Entered Level 5 of the Realm of Zot
 56333 | Zot:5    | Reached skill level 5 in Translocations
 56369 | Zot:5    | Noticed an ancient lich
 56377 | Zot:5    | Killed an ancient lich
 56417 | Zot:5    | Noticed an ancient lich
 56426 | Zot:5    | Killed an ancient lich
 56779 | Zot:5    | Noticed an orb of fire
 56789 | Zot:5    | Gained mutation: You are very clumsy. (Dex -4) [an orb of fire]
 56790 | Zot:5    | Killed an orb of fire
 56792 | Zot:5    | Reached skill level 26 in Unarmed Combat
 56820 | Zot:5    | Noticed an orb of fire
 56826 | Zot:5    | Gained mutation: You are occasionally teleported next to monsters. [an orb of fire]
 56827 | Zot:5    | Noticed an orb of fire
 56827 | Zot:5    | Gained mutation: You tend to lose your temper in combat. [an orb of fire]
 56830 | Zot:5    | Killed an orb of fire
 56846 | Zot:5    | Killed an orb of fire
 56914 | Zot:5    | Got the Orb of Zot
 57037 | Zot:2    | Gained mutation: Your skin changes colour to match your surroundings (Stealth+). [a neqoxec]
 57385 | D:$      | Escaped with the Orb!

Vault maps used:
D:1:      roderic_crossed_star, xom_teletrap_fun
D:2:      marbit_many_paths
D:3:      gammafunk_temple_overflow_elements, fountainhead,
          nemelex_xobeh_ov_fountains_minmay
D:4:      first_ration, minmay_mini_ossuary, uniq_edmund, uniq_duvessa
D:5:      lemuel_upstairs_altar, nicolae_qazlal_general_emergency,
          temple_fountains, nicolae_ossuary_entry_giza, amethyst_killhole,
          uniq_menkaure
D:6:      kennysheep_little_box, lemuel_coloured_pillars_altar,
          ashenzari_altar_1
D:7:      uniq_crazy_yiuf_cottage
D:8:      grunt_temple_overflow_open, dpeg_lair_monsters
D:9:      david_orc_5
D:10:     minmay_cornered_nines, cheibriados_altar_1
D:12:     minmay_misc_feat_roman, grunt_ogre_cave, uniq_maurice, uniq_psyche
D:13:     serial_shops, nicolae_shop_behind_doors, kennysheep_pointless_box,
          hangedman_parallel_progression
D:14:     erik_vaults_1, minmay_misc_feat_room, lab_entry_generic, minivault_1,
          nicolae_ru_awakened_eye
D:15:     grunt_enter_depths_snipers, uniq_roxanne, uniq_azrael
Temple:   nicolae_temple_hex_pool
Lair:1:   st_stairs_13
Lair:2:   minmay_shoals_entry_centaurs, minmay_snake_entry_guardpost_medium
Lair:4:   portal_ice_cave_demonic_guard, hibernation_bobbens,
          minmay_lair_oklob_chamber
Lair:5:   beast_lair_carwin_8
Lair:6:   hangedman_lair_in_review, guppyfry_lair_end_dragon, slime_altar_2,
          st_stairs_5
Shoals:1: nicolae_shoals_arrival_archipelago, uniq_aizul
Shoals:2: nicolae_shoals_mertower
Shoals:3: cheibrodos_shoals_three_sisters, serial_shops, shop, shop, shop, shop,
          nicolae_shop_crystal, ldierk_geyser, uniq_polyphemus, uniq_bai_suzhen
Shoals:4: shoals_end_hangedman, shoal_ilsuiw
Snake:1:  serial_bayou_pond_b, grunt_megastairs_4
Snake:2:  onia_ninara_swampy_vault, grunt_ministairs_6
Snake:3:  serial_bayou, serial_bayou_ford_a, serial_bayou_pond_e,
          serial_bayou_crossing, serial_bayou_shore_a, uniq_louise, uniq_agnes,
          uniq_kirke
Snake:4:  minmay_snake_end_coiled, nicolae_snake_round_shape_thing,
          lemuel_fruit_tree
Orc:1:    uniq_erica, uniq_erolcha
Orc:2:    grunt_orc_cross, serial_shops, shop, nicolae_shop_stone, basic_altar,
          uniq_sonja
Vaults:1: hangedman_vaults_impose, grunt_vaults_diagonal, v_misc_5,
          v_alt_pattern_5, v_misc_19, vaults_mumra_hexcomb, v_misc_31,
          v_pattern_1, ontoclasm_vaults_ring_large, v_misc_3, v_misc_19,
          v_misc_23, nicolae_vaults_specimen_jars, vaults_dpeg_hooks,
          serial_shops, shop
Vaults:2: hangedman_vaults_slither, nicolae_vaults_asterisk,
          minmay_crypt_entry_necro_gods, vaults_dpeg_ring, vaults_room_pools,
          nicolae_vaults_three_branches, vaults_room_octagon, vaults_dpeg_cross,
          ontoclasm_vaults_loading_screen, vaults_mumra_chevron,
          vaults_room_fours, dpeg_vaults_monster_box
Vaults:3: v_misc_23, v_misc_3, v_misc_1, nicolae_vaults_ninety_degrees,
          v_misc_9, v_misc_8, ontoclasm_vaults_fault, hangedman_vaults_hat,
          nicolae_vaults_quadrants, hangedman_vaults_stream,
          nicolae_vaults_little_squares_3, nicolae_vaults_little_squares_2,
          nicolae_vaults_ring_of_whatevers, ontoclasm_vaults_pinch, v_misc_25
Vaults:4: vaults_room_door_ring, nicolae_vaults_shelves_hall,
          vaults_room_stairs_pillars, hangedman_vaults_nails,
          vaults_dpeg_diagonal
Depths:1: serial_shops, shop, grunt_metal_band, abyss_entry,
          hangedman_abyss_or_decor_slice, minmay_misc_feat_tower,
          hangedman_feature_mirror, wad_floor_pattern_untrapped, spider_trap,
          grunt_ministairs_1, kennysheep_generic_room_10
Depths:2: hangedman_cross_stitches, enter_ziggurat_a, hangedman_geh_valley,
          infiniplex_staircase_zigzag_1, minmay_shop_grove
Depths:3: gammafunk_jiyva_shrine, hell_entry, hex_medium, rand_demon_pan_entry_5
Depths:4: minmay_triangles_in_corner, hell_entry, abyss_entry,
          nicolae_trove_entry_diagonal, kennysheep_four_rooms,
          grunt_megastairs_3, minmay_staircase_windowed_small,
          serial_bayou_shore_b
Depths:5: grunt_zot_entry_pinwheel, rand_demon_pan_entry_8,
          grunt_hell_entry_dis_old
Zot:2:    stair_cage_line
Zot:3:    lemuel_firehouse, st_small_dragon_hoard_2, guppyfry_library_mini
Zot:4:    grunt_megastairs_5
Abyss:5:  minivault_1, evilmike_abyss_exit_15, hangedman_abyss_or_decor_stabs,
          minivault_4
Lab:      nicolae_lab_dead_adventurers, nicolae_lab_hexagon,
          labyrinth_skeletal_remains, nicolae_lab_do_over, nicolae_lab_lava,
          nicolae_lab_flowing_pool
Trove:    trove_simple
Ossuary:  ossuary_tomb_2
IceCv:    ice_cave_tombish

Skill      XL: |  1  2  3  4  5  6  7  8  9 10 11 12 13 14 15 16 17 18 19 20 21 22 23 24 25 |
---------------+----------------------------------------------------------------------------+-----
Unarmed Combat | 2 3 4 5 7 8 10 11 12 13 15 16 18 19 20 21 22 23 24 25 26 | 26.2
Fighting       | 4 6 7 9 10 11 12 13 14 15 16 18 19 20 | 20.0
Armour         | 3 5 6 7 9 10 11 12 13 14 15 16 17 18 | 18.1
Shields        | 4 6 12 15 | 15.1
Throwing       | 2 3 4 5 |  5.4
Dodging        | 2 5 7 8 10 | 10.0
Translocations | 3 7 |  7.5

Action                   |  1- 3 |  4- 6 |  7- 9 | 10-12 | 13-15 | 16-18 | 19-21 | 22-24 | 25-27 || total
-------------------------+-------+-------+-------+-------+-------+-------+-------+-------+-------++-------
Melee: Unarmed           |   167 |   223 |   793 |   858 |  1863 |  1844 |  2005 |  1507 |   234 ||  9494
 Fire: Blowgun           |       |       |       |       |     3 |    22 |       |     2 |       ||    27
Throw: Javelin           |     1 |       |     1 |     2 |     6 |    25 |     7 |     1 |       ||    43
       Stone             |     1 |       |       |       |       |       |       |       |       ||     1
       Throwing net      |       |       |       |       |       |       |     5 |       |     1 ||     6
Invok: Sacrifice an Eye  |       |       |     1 |       |       |       |       |       |       ||     1
       Sacrifice Stealth |       |       |     1 |       |       |       |       |       |       ||     1
       Sacrifice Words   |       |       |       |     1 |       |       |       |       |       ||     1
       Draw Out Power    |       |       |       |     2 |     1 |     5 |     4 |     3 |     2 ||    17
       Sacrifice Artific |       |       |       |     1 |       |       |       |       |       ||     1
       Apocalypse        |       |       |       |     4 |     8 |    11 |    12 |     9 |     1 ||    45
       Reject Sacrifices |       |       |       |     1 |       |       |       |       |       ||     1
       Power Leap        |       |       |       |       |     1 |       |       |       |       ||     1
       Sacrifice Purity  |       |       |       |       |     1 |       |       |       |       ||     1
       Sacrifice Arcana  |       |       |       |       |     1 |       |       |       |       ||     1
Evoke: Wand              |       |       |     5 |    15 |       |       |       |       |       ||    20
  Use: Scroll            |     4 |     2 |     8 |    11 |    23 |     5 |     4 |     9 |     6 ||    72
       Potion            |     3 |       |     4 |     3 |     2 |     4 |    13 |    11 |     9 ||    49
 Stab: Distracted        |       |     1 |     1 |     3 |    23 |    11 |    11 |    13 |     2 ||    65
       Invisible         |       |       |       |    13 |    16 |    25 |    14 |     8 |       ||    76
       Paralysed         |       |       |       |     5 |    26 |    24 |    21 |    29 |     2 ||   107
       Petrified         |       |       |       |       |     5 |       |       |       |       ||     5
       Petrifying        |       |       |       |       |       |     1 |       |       |       ||     1
       Held in net/web   |       |       |       |       |       |       |     1 |       |       ||     1
       Confused          |       |       |       |       |       |       |       |     3 |       ||     3
  Eat: Chunk             |     2 |     6 |    12 |    21 |    29 |    15 |    19 |     6 |       ||   110
       Ration            |       |       |     2 |     1 |     4 |     6 |     5 |     8 |     3 ||    29
Armor: Scale mail        |    15 |       |       |       |       |       |       |       |       ||    15
       Chain mail        |    38 |   101 |   228 |       |       |       |       |       |       ||   367
       Plate armour      |       |       |   104 |   402 |   460 |       |       |       |       ||   966
       Quicksilver drago |       |       |       |       |   388 |   511 |   303 |       |       ||  1202
       Storm dragon scal |       |       |       |       |       |       |    80 |   418 |    44 ||   542
Dodge: Dodged            |    59 |    49 |   149 |   147 |   542 |   574 |   504 |   341 |    60 ||  2425
Block: Buckler           |    29 |    31 |    99 |   114 |   273 |    35 |       |       |       ||   581
       Shield            |       |       |       |       |       |   689 |   786 |   598 |    98 ||  2171
       Reflection        |       |       |       |       |       |       |     9 |    13 |       ||    22

Table legend:
 A = Spawn XP
 B = Non-spawn XP
 C = Spawn XP percentage of total XP
 D = Spawn monster count
 E = Non-spawn monster count
 F = Spawn count percentage of total count
 G = Total turns spent on level
                    A         B        C        D         E        F      G
               +---------+---------+-------+---------+---------+-------+---------
         Total |    7999 | 1258750 |   0.6 |      18 |    2228 |   0.8 | 57385
               +---------+---------+-------+---------+---------+-------+---------
           D:1 |       0 |      39 |   0.0 |       0 |      15 |   0.0 |   879
           D:2 |       0 |     105 |   0.0 |       0 |      32 |   0.0 |  1283
           D:3 |       0 |      87 |   0.0 |       0 |      28 |   0.0 |   607
           D:4 |       0 |     582 |   0.0 |       0 |      13 |   0.0 |   984
           D:5 |       0 |    1054 |   0.0 |       0 |      31 |   0.0 |  1031
           D:6 |       0 |     866 |   0.0 |       0 |      39 |   0.0 |  1328
           D:7 |       0 |    1187 |   0.0 |       0 |      32 |   0.0 |  1205
           D:8 |       0 |    5729 |   0.0 |       0 |      27 |   0.0 |  1912
           D:9 |       0 |    4555 |   0.0 |       0 |      52 |   0.0 |  1336
          D:10 |       0 |    2215 |   0.0 |       0 |      18 |   0.0 |  1242
          D:11 |       0 |    5948 |   0.0 |       0 |      52 |   0.0 |  1555
          D:12 |       0 |    6426 |   0.0 |       0 |      27 |   0.0 |  1275
          D:13 |       0 |   16771 |   0.0 |       0 |      86 |   0.0 |  1447
          D:14 |       0 |    4392 |   0.0 |       0 |      29 |   0.0 |   950
          D:15 |       0 |   18607 |   0.0 |       0 |      38 |   0.0 |  1376
        Lair:1 |       0 |    4132 |   0.0 |       0 |      19 |   0.0 |  1139
        Lair:2 |       0 |    3071 |   0.0 |       0 |      19 |   0.0 |   981
        Lair:3 |       0 |    5750 |   0.0 |       0 |      24 |   0.0 |  1172
        Lair:4 |       0 |    6669 |   0.0 |       0 |      27 |   0.0 |   887
        Lair:5 |       0 |    8377 |   0.0 |       0 |      32 |   0.0 |   608
        Lair:6 |       0 |   20970 |   0.0 |       0 |      56 |   0.0 |  1464
      Shoals:1 |       0 |   12178 |   0.0 |       0 |      26 |   0.0 |  1187
      Shoals:2 |       0 |   26694 |   0.0 |       0 |      56 |   0.0 |   914
      Shoals:3 |       0 |   29800 |   0.0 |       0 |      46 |   0.0 |  1660
      Shoals:4 |       0 |   33617 |   0.0 |       0 |      63 |   0.0 |  1054
       Snake:1 |       0 |   24054 |   0.0 |       0 |      47 |   0.0 |  1650
       Snake:2 |       0 |   34081 |   0.0 |       0 |      69 |   0.0 |  1549
       Snake:3 |       0 |   29459 |   0.0 |       0 |      56 |   0.0 |  1157
       Snake:4 |       0 |   44555 |   0.0 |       0 |      93 |   0.0 |  1826
         Orc:1 |       0 |    6097 |   0.0 |       0 |      47 |   0.0 |  1240
         Orc:2 |       0 |   12418 |   0.0 |       0 |      79 |   0.0 |  1491
      Vaults:1 |       0 |   56410 |   0.0 |       0 |      91 |   0.0 |  1926
      Vaults:2 |       0 |   63302 |   0.0 |       0 |      91 |   0.0 |  1836
      Vaults:3 |       0 |   33779 |   0.0 |       0 |      71 |   0.0 |  1245
      Vaults:4 |       0 |   40398 |   0.0 |       0 |      63 |   0.0 |  1492
      Vaults:5 |       0 |  146730 |   0.0 |       0 |     120 |   0.0 |  1697
      Depths:1 |       0 |   52040 |   0.0 |       0 |      68 |   0.0 |  1356
      Depths:2 |       0 |   43177 |   0.0 |       0 |      58 |   0.0 |   950
      Depths:3 |       0 |   41032 |   0.0 |       0 |      52 |   0.0 |   783
      Depths:4 |       0 |   69167 |   0.0 |       0 |      57 |   0.0 |  1718
      Depths:5 |       0 |   91280 |   0.0 |       0 |      89 |   0.0 |  1354
         Zot:1 |       0 |   19141 |   0.0 |       0 |      11 |   0.0 |   305
         Zot:2 |       0 |    1291 |   0.0 |       0 |       1 |   0.0 |   104
         Zot:3 |       0 |   69967 |   0.0 |       0 |      63 |   0.0 |  1496
         Zot:5 |       0 |  151476 |   0.0 |       0 |      55 |   0.0 |   875
       Abyss:5 |    7999 |    3073 |  72.2 |      18 |       7 |  72.0 |   258
           Lab |       0 |    1932 |   0.0 |       0 |       5 |   0.0 |   171
       Ossuary |       0 |     385 |   0.0 |       0 |      29 |   0.0 |   301
         IceCv |       0 |    3685 |   0.0 |       0 |      19 |   0.0 |   952
               +---------+---------+-------+---------+---------+-------+---------
